 Dungeon Crawl Stone Soup version 0.26-a0-752-gcff87cac9a (webtiles) character file.

Game seed: 11526870523138994027

492 dickylongcocking the Sneak (level 6, 0/30 HPs)
             Began as a Felid Delver on Nov 6, 2020.
             Was a Believer of Dithmenos.
             Succumbed to a worker ant's poison
             ... on level 4 of the Dungeon.
             The game lasted 00:04:25 (2505 turns).

dickylongcocking the Sneak (Felid Delver)           Turns: 2505, Time: 00:04:26

Health: 0/30       AC:  2    Str:  8    XL:     6   Next: 91%
Magic:  7/7        EV: 18    Int: 13    God:    Dithmenos [**....]
Gold:   187        SH:  0    Dex: 18    Spells: 5/5 levels left
                                        Lives:  0   Deaths: 1

rFire    . . .     SeeInvis +     - Unarmed
rCold    . . .     Faith    .   (shield unavailable)
rNeg     . . .     Spirit   .   (armour unavailable)
rPois    .         Reflect  .   (helmet unavailable)
rElec    .         Harm     .   (cloak unavailable)
rCorr    +         Rampage  .   (gloves unavailable)
MR       +....                  (boots unavailable)
Stlth    +++++.....             f - amulet of regeneration
HPRegen  0.50/turn              l - ring of protection from magic
MPRegen  0.10/turn              p - ring of resist corrosion

@: lethally poisoned (0 -> -5), wreathed by umbra, quick
A: very small, no armour, no weapons or thrown items, stealth, claws 1, fangs 3,
see invisible, speed 1, shaggy fur 2, sharp paws
a: Shadow Step, Renounce Religion


You were on level 4 of the Dungeon.
You worshipped Dithmenos.
Dithmenos was pleased with you.
You visited 2 branches of the dungeon, and saw 6 of its levels.

You collected 187 gold pieces.

Inventory:

Jewellery
 f - an amulet of regeneration (around neck)
 l - a ring of protection from magic (left paw)
 n - an uncursed ring of flight
 p - a ring of resist corrosion (right paw)
Scrolls
 a - a scroll of fog
 b - 3 scrolls of remove curse {unknown}
 c - 3 scrolls of fear
 d - a scroll of noise {unknown}
 g - a scroll of amnesia {unknown}
 h - 6 scrolls of identify {unknown}
 j - a scroll of magic mapping
 k - 2 scrolls of enchant armour {unknown}
 m - 2 scrolls of teleportation {unknown}
Potions
 i - a potion of flight


   Skills:
 * Level 5.4 Fighting
 - Level 2.6 Dodging
 - Level 6.6 Stealth
 * Level 6.4 Unarmed Combat


You had 5 spell levels left.
You didn't know any spells.
Your spell library was empty.

Dungeon Overview and Level Annotations

Branches:
Dungeon (5/15)             Temple (1/1) D:5

Altars:
Ashenzari
Cheibriados
Dithmenos
Elyvilon
Kikubaaqudgha
Okawaru
Qazlal
Ru
Wu Jian
Xom
Zin


Innate Abilities, Weirdness & Mutations

You cannot wear armour.
You are incapable of wielding weapons or throwing items.
Your paws allow you to move quietly. (Stealth)
You have sharp claws.
You have razor-sharp teeth.
You have supernaturally acute eyesight. (SInv)
You cover ground quickly.
You are covered in thick fur. (AC +2)
Your sharp claws are effective at attacking unaware monsters.


Message History

You closely miss the hound.
The hound is severely wounded.
You feel less wooden.
The orc wizard gestures wildly while chanting.
The orc wizard blinks!
The hound closely misses you. The worker ant bites you.
* * * LOW HITPOINT WARNING * * *
You are poisoned.
The worker ant poisons you! The orc completely misses you.
The orc closely misses you.
You scratch the hound.
The hound is severely wounded.
You feel sick. The hound barely misses you. The phantom closely misses you.
The worker ant misses you. The hound completely misses you. The orc misses you.
Unknown command.
Okay, then.
You feel sick. The worker ant bites you!
* * * LOW HITPOINT WARNING * * *
You are more poisoned.
The worker ant poisons you!
The phantom blinks!
You die...

########## ************
#........### *,,,,,,,,,,*
#......(...# *,,,,,,.,,,*
#.......?..#
**,,,,,,....######..........###
*,,>,,,,.......@.o§...........##
*,,,,,,,........Boho............
*,,,,,,,....######.W...##...#..#
*,,,,,,*##.,* #.o..)##...##+#
*,,,,,**,*,,* #.....#####..,,
*,,,,,*,**,,* #.....# *...,
*,,,,,,**,,,* #.....# #....
*,,**,,,,,,,* #.....# #....
*,**,*,,,**** #.....# *....


You could see a phantom, a hound, a worker ant, an orc wizard (fast) and 3 orcs.

Vanquished Creatures
  A phantom (D:4)
  A centaur (D:5)
  A scorpion (D:4)
  A centaur zombie (D:4)
  A centaur skeleton (D:4)
  A hound (D:4)
  An orc wizard (D:4)
  Jessica (D:3)
  A worker ant (D:4)
  7 adders
  2 oozes
  A worm (D:3)
  2 dart slugs
  2 leopard geckos
  13 orcs
  5 giant cockroaches
  5 goblins
  7 hobgoblins
  16 jackals
  2 quokkas (D:3)
  A ball python (D:3)
  A bat (D:3)
  5 frilled lizards
  7 kobolds
  10 rats
95 creatures vanquished.

Notes
Turn   | Place    | Note
-------+----------+-------------------------------------------
     0 | D:5      | dickylongcocking the Felid Delver began the quest for the
                  | Orb.
     0 | D:5      | Reached XP level 1. HP: 10/10 MP: 2/2
    10 | D:5      | Noticed a centaur
    15 | D:5      | Found a staircase to the Ecumenical Temple.
    21 | D:5      | Killed a centaur
    21 | D:5      | Reached XP level 2. HP: 2/14 MP: 3/3
    21 | D:5      | Reached XP level 3. HP: 2/17 MP: 4/4
    21 | D:5      | Reached XP level 4. HP: 3/21 MP: 5/5
    29 | Temple   | Entered the Ecumenical Temple
   409 | Temple   | Became a worshipper of Dithmenos the Shadowed
   595 | D:4      | Reached XP level 5. HP: 19/24 MP: 6/6
   664 | D:4      | Slain by a hound
   665 | D:4      | Reached XP level 4. HP: 0/21 MP: 5/5
   783 | D:2      | Reached skill level 5 in Unarmed Combat
   911 | D:2      | Noticed an air elemental
   914 | D:2      | Found a stormy altar of Qazlal.
   919 | D:2      | Noticed a fire elemental
  1037 | D:1      | Reached * piety under Dithmenos
  1181 | D:1      | You fall into a shaft and drop 1 floor!
  1227 | D:2      | Found a broken altar of Ashenzari.
  1585 | D:2      | Reached XP level 5. HP: 25/25 MP: 6/6
  1589 | D:2      | Noticed a water elemental
  1906 | D:3      | Reached ** piety under Dithmenos
  2202 | D:3      | Noticed Jessica
  2209 | D:3      | Killed Jessica
  2358 | D:4      | Gained mutation: You are covered in thick fur. (AC +2)
                  | [Felid growth]
  2358 | D:4      | Reached XP level 6. HP: 29/29 MP: 7/7
  2420 | D:4      | Reached skill level 5 in Fighting
  2504 | D:4      | HP: 1/30 [worker ant (7)]
  2505 | D:4      | Succumbed to a worker ant's poison

Illustrated notes

Levels and vault maps discovered:
D:1:      wander_arrival_lonely_grave, layout_rooms, minmay_domino_4
D:2:      layout_basic, nicolae_qazlal_style_of_elements, lemuel_round_altar
D:3:      layout_loops_ring, minmay_diced_spiral, uniq_jessica
D:4:      layout_basic, minmay_bisected
D:5:      layout_cave_pools, minmay_temple_entry_glass, uniq_edmund
Temple:   nicolae_temple_figure_zero

Skill      XL: |  1  2  3  4  5  6 |
---------------+-------------------+-----
Unarmed Combat | 4 5 6 |  6.4
Fighting       | 4 5 |  5.4
Dodging        | |  2.6
Stealth        | |  6.6

Action                   |  1- 3 |  4- 6 || total
-------------------------+-------+-------++-------
Melee: Unarmed           |     3 |   296 ||   299
       Bite              |     1 |    25 ||    26
       Punch             |       |     5 ||     5
Evoke: Wand              |       |     3 ||     3
  Use: Scroll            |       |     1 ||     1
       Potion            |       |     9 ||     9
 Stab: Sleeping          |     1 |    20 ||    21
       Distracted        |       |     1 ||     1
Armor: Skin              |       |    93 ||    93
Dodge: Dodged            |     2 |   308 ||   310

Table legend: (Time is in decaauts)
 A = Elapsed time spent in this place.
 B = Non-inter-level travel time spent in this place.
 C = Inter-level travel time spent in this place.
 D = Time resting spent in this place.
 E = Time spent auto-exploring this place.
 F = Levels seen in this place.
 G = Mean time per level.
                   A        B        C        D        E       F      G
               +--------+--------+--------+--------+--------+-----+--------+
         Total |   2122 |   2088 |     34 |    264 |    965 |   6 |  353.7 |
       Dungeon |   1756 |   1731 |     25 |     16 |    878 |   5 |  351.2 |
        Temple |    365 |    357 |      8 |    248 |     87 |   1 |  365.0 |
               +--------+--------+--------+--------+--------+-----+--------+

Top non-repeatable levels by time:
     D:2: 578 daAuts
     D:3: 571 daAuts
  Temple: 365 daAuts
     D:4: 360 daAuts
     D:1: 176 daAuts
     D:5: 70 daAuts
